 Dungeon Crawl Stone Soup version 0.30-a0-918-g0ff054e9dc (webtiles) character file.

Game seed: 6554222330267440288

11 Darius099 the Sneak (level 2, -2/19 HPs)
             Began as an Octopode Brigand on Mar 20, 2023.
             Slain by a jackal (3 damage)
             ... on level 1 of the Dungeon.
             The game lasted 00:00:50 (297 turns).

Darius099 the Sneak (Octopode Brigand)               Turns: 297, Time: 00:00:51

Health: -2/19      AC:  1    Str: 10    XL:     2   Next: 25%
Magic:  2/2        EV: 12    Int: 13    God:
Gold:   14         SH:  0    Dex: 13    Spells: 1/1 levels left

rFire   . . .      SeeInvis .    a - +2 dagger
rCold   . . .      Faith    .    (no shield)
rNeg    . . .      Spirit   .    (helmet restricted)
rPois   .          Reflect  .    (no amulet)
rElec   .          Rampage  .    (no ring)
rCorr   .                        (no ring)
Will    .....                    (no ring)
Stlth   ++++                     (no ring)
HPRegen 0.23/turn                (no ring)
MPRegen 0.08/turn                (no ring)
                                 (no ring)
                                 (no ring)

@: no status effects
A: almost no armour, amphibious, 8 rings, camouflage 1, gelatinous body 1,
(nimble swimmer 1), tentacles
a: no special abilities


You were on level 1 of the Dungeon.
You visited 1 branch of the dungeon, and saw 1 of its levels.

You collected 14 gold pieces.

Inventory:

Hand Weapons
 a - a +2 dagger (weapon)
Missiles
 b - 9 poisoned darts (quivered)
 c - 3 curare-tipped darts
Jewellery
 d - a ring of willpower
Scrolls
 e - a scroll of identify {unknown}
Potions
 f - 2 potions of might {unknown}


   Skills:
 + Level 2.3 Fighting
 + Level 2.3 Short Blades
 - Level 2.0 Throwing
 - Level 1.0 Dodging
 + Level 5.6 Stealth


You had one spell level left.
You didn't know any spells.
Your spell library was empty.

Dungeon Overview and Level Annotations

Branches:
Dungeon (1/15)

Altars:


Innate Abilities, Weirdness & Mutations

You cannot wear most types of armour.
You are amphibious.
You can wear up to eight rings at the same time.
Your skin changes colour to match your surroundings (Stealth+).
Your rubbery body absorbs attacks. (AC +1, EV +1)
((You are camouflaged when in or above water. (Stealth+)))
You have tentacles for arms and can constrict up to eight enemies at once.


Message History

You hit the dart slug. You grab the dart slug. You squeeze the dart slug.
The dart slug is moderately wounded.
You constrict the dart slug. The jackal misses you.
There are monsters nearby!
You hit the dart slug. You squeeze the dart slug.
You kill the dart slug!
The jackal barely misses you. The jackal bites you. x2
There are monsters nearby!
You closely miss the jackal. You grab the jackal.
You constrict the jackal, but do no damage.
The jackal barely misses you.
The jackal bites you but does no damage.
The jackal bites you. The jackal closely misses you.
You hit the jackal.
The jackal is lightly wounded.
You constrict the jackal. The jackal barely misses you. x2
The jackal bites you but does no damage.
There are monsters nearby!
You hit the jackal but do no damage.
The jackal is moderately wounded.
You constrict the jackal, but do no damage.
The jackal bites you. x3; The jackal misses you.
There are monsters nearby!
You are too injured to fight recklessly!
There are monsters nearby!
You are too injured to fight recklessly!
There are monsters nearby!
You are too injured to fight recklessly!
There are monsters nearby!
You are too injured to fight recklessly!
You open the door. You constrict the jackal. The jackal bites you.
* * * LOW HITPOINT WARNING * * *
The jackal barely misses you. The jackal bites you.
* * * LOW HITPOINT WARNING * * *
The jackal bites you but does no damage.
You release your grip on the jackal.
The jackal closely misses you. The jackal misses you.
There is an open door here.
The jackal attacks as you move away! The jackal bites you.
You die...

#.#.....##..
#........#.#
###..........##
.............
#.........#
#.......# #.....#
#hhh#########
##@#.....†..#
#.#.######.# #.#.#
#.#
##.#.######.###.#
####....##...>.....#
#[......##.###.#####
#. #....##.# #.#
###. #..#.##.###.#
.....#.#........#


You could see 3 jackals.

Vanquished Creatures
  A dart slug (D:1)
  An endoplasm (D:1)
  A goblin (D:1)
  3 ball pythons (D:1)
  3 rats (D:1)
9 creatures vanquished.

Notes
Turn   | Place    | Note
-------+----------+-------------------------------------------
     0 | D:1      | Darius099 the Octopode Brigand began the quest for the Orb.
     0 | D:1      | Reached XP level 1. HP: 14/14 MP: 1/1
   262 | D:1      | Reached XP level 2. HP: 19/19 MP: 2/2
   297 | D:1      | Slain by a jackal

Illustrated notes

Levels and vault maps discovered:
D:1:      minmay_arrival_four_houses, layout_loops_corners

Action                     || total
---------------------------++-------
  Melee: Dagger            ||    16
         Constrict         ||     5
         Tentacles         ||     4
   Stab: Sleeping          ||     5
 Armour: Skin              ||     3
  Dodge: Dodged            ||    14

Table legend: (Time is in decaauts)
 A = Elapsed time spent in this place.
 B = Non-inter-level travel time spent in this place.
 C = Inter-level travel time spent in this place.
 D = Time resting spent in this place.
 E = Time spent auto-exploring this place.
 F = Levels seen in this place.
 G = Mean time per level.
                   A        B        C        D        E       F      G
               +--------+--------+--------+--------+--------+-----+--------+
         Total |    295 |    295 |      0 |      0 |    232 |   1 |  295.0 |
       Dungeon |    295 |    295 |      0 |      0 |    232 |   1 |  295.0 |
               +--------+--------+--------+--------+--------+-----+--------+

Top non-repeatable levels by time:
     D:1: 295 daAuts
